 Dungeon Crawl Stone Soup version 0.21.0 (webtiles) character file.

151 Softman25 the Skirmisher (level 5, -6/34 HPs)
             Began as a Gargoyle Fighter on Jan 20, 2018.
             Was an Initiate of Gozag.
             Killed by divine providence
             ... invoked by an orc priest
              (15 damage)
             ... on level 2 of the Dungeon.
             The game lasted 00:02:59 (1873 turns).

Softman25 the Skirmisher (Gargoyle Fighter)         Turns: 1873, Time: 00:03:00

Health: -6/34      AC: 14    Str: 19    XL:     5   Next: 33%
Magic:  5/5        EV:  7    Int:  9    God:    Gozag
Gold:   272        SH:  0    Dex: 10    Spells: 4/4 levels left

rFire    + . .     SeeInvis .   a - +0 flail
rCold    + . .     Gourm    .   (no shield)
rNeg     + . .     Faith    .   j - +0 chain mail
rPois    ∞         Spirit   .   (no helmet)
rElec    +         Reflect  .   l - scarf {rC+ rF+}
rCorr    .         Harm     .   o - +0 pair of gloves
MR       .....                  (no boots)
Stlth    ..........             (no amulet)
HPRegen  0.11/turn              (no ring)
MPRegen  0.09/turn              (no ring)

@: no status effects
A: negative energy resistance 1, electricity resistance, unbreathing,
petrification resistance, rot immunity, AC +4
a: Potion Petition, Call Merchant, Bribe Branch, Renounce Religion


You were on level 2 of the Dungeon.
You worshipped Gozag.
Gozag was aware of your devotion.
You were not hungry.

You visited 1 branch of the dungeon, and saw 2 of its levels.

You collected 299 gold pieces.
You paid 27 gold pieces to Gozag.

Inventory:

Hand Weapons
 a - a +0 flail (weapon)
Armour
 c - a +0 shield
 j - a +0 chain mail (worn)
 l - a scarf of resistance (worn)
 o - a +0 pair of gloves (worn)
Scrolls
 h - a scroll of magic mapping
 k - a scroll of amnesia {unknown}
 m - a scroll of teleportation
 n - a scroll of remove curse {unknown}
Potions
 b - 2 potions of curing {unknown}
 d - 2 potions of might
 e - a potion of mutation {unknown}
 g - a potion of heal wounds {unknown}
 i - 3 potions of degeneration {unknown}
Comestibles
 f - 4 rations


   Skills:
 + Level 4.5 Fighting
 * Level 4.5 Maces & Flails
 - Level 3.2 Armour
 - Level 3.2 Shields


You had 4 spell levels left.
You didn't know any spells.

Dungeon Overview and Level Annotations

Branches:
Dungeon (2/15)

Altars:
Gozag
Kikubaaqudgha
Okawaru


Innate Abilities, Weirdness & Mutations

You are resistant to torment.
Your stone body is resilient. (AC +4)
You are immune to poison.
You resist negative energy. (rN+)
You are resistant to electric shocks. (rElec)
You can survive without breathing.
You are immune to petrification.
You are immune to rotting.


Message History

The orc priest hits you but does no damage.
You hit the orc priest.
The orc priest is heavily wounded.
The orc priest barely misses you.
The orc priest hits you but does no damage.
Your chain mail prevents you from hitting the orc priest.
The orc priest is heavily wounded.
The orc priest hits you but does no damage.
The orc priest barely misses you.
You closely miss the orc priest.
The orc priest is heavily wounded.
The orc priest closely misses you.
The orc priest hits you but does no damage.
Your chain mail prevents you from hitting the orc priest.
The orc priest is heavily wounded.
The orc priest hits you but does no damage.
The orc priest invokes the aid of Beogh against you.
Beogh smites you!
You die...
Your body crumbles into a pile of gold.

..................♣.♣....#
##.....♣.♣..>.....♣.♣....##
#[..>.............♣.♣.....#
.......♣.♣........♣.♣.....#
.##........##.....♣.♣.....##
..................♣.♣......#
.#..................###..♣.♣
...###.(..#.....o....##..♣.♣
.### ##.........@.#......♣.♣
#### #.........o$$......♣.♣
.#.## #......#######.....♣.♣
≈≈≈≈###.....###$⌠$###....♣.♣
...._##.....##.....##....♣.♣
≈≈≈≈###.....#.......#....♣.♣
#.#.#...#...#.8...8.#....♣.♣
#######.#...#.......#......#
...# #.#...#.......#....###


You could see 2 orc priests.

Vanquished Creatures
  An orc priest (D:2)
  Natasha (D:2)
  2 gnolls
  An adder (D:2)
  A worm (D:1)
  3 dart slugs (D:1)
  A leopard gecko (D:1)
  3 orcs (D:2)
  A giant cockroach (D:2)
  3 goblins
  10 hobgoblins
  3 jackals (D:2)
  A quokka (D:2)
  6 bats
  4 frilled lizards
  10 kobolds
  10 rats
61 creatures vanquished.

Notes
Turn   | Place    | Note
-------+----------+-------------------------------------------
     0 | D:1      | Softman25 the Gargoyle Fighter began the quest for the Orb.
     0 | D:1      | Reached XP level 1. HP: 14/14 MP: 1/1
    59 | D:1      | Reached XP level 2. HP: 19/19 MP: 2/2
   330 | D:1      | Reached XP level 3. HP: 24/24 MP: 3/3
   981 | D:2      | Found an opulent altar of Gozag.
   998 | D:2      | Became a worshipper of Gozag Ym Sagoz the Greedy
  1082 | D:2      | Found an iron altar of Okawaru.
  1087 | D:2      | Reached XP level 4. HP: 27/29 MP: 4/4
  1132 | D:2      | Found an ancient bone altar of Kikubaaqudgha.
  1693 | D:2      | Noticed Natasha
  1702 | D:2      | Killed Natasha
  1710 | D:2      | Reached XP level 5. HP: 34/34 MP: 5/5
  1873 | D:2      | Killed from afar by an orc priest

Skill      XL: |  1  2  3  4 |
---------------+-------------+-----
Maces & Flails | 3 4 |  4.5
Fighting       | 4 |  4.5
Armour         | |  3.2
Shields        | |  3.2

Action                   |  1- 3 |  4- 6 || total
-------------------------+-------+-------++-------
Melee: Flail             |   130 |    88 ||   218
  Use: Scroll            |       |     4 ||     4
 Stab: Distracted        |     1 |       ||     1
  Eat: Ration            |       |     2 ||     2
Armor: Scale mail        |    34 |       ||    34
       Chain mail        |    68 |    83 ||   151
Dodge: Dodged            |    77 |    37 ||   114
Block: Shield            |    16 |       ||    16
